 Dungeon Sprint DCSS version 0.16-a0-3803-gd4b2de5 (webtiles) character file.

358 PolkaDot the Summoner (level 6, -12/47 HPs)
             Began as a Vampire Summoner on Jan 26, 2015.
             Was a Priest of Sif Muna.
             Mangled by a draconian
             ... wielding a +0 mace
              (14 damage)
             ... in the Dungeon (Sprint V: "Ziggurat Sprint").
             The game lasted 00:02:42 (384 turns).

PolkaDot the Summoner (Vampire Summoner)             Turns: 384, Time: 00:02:43

Health: -12/47     AC:  2    Str:  7    XL:     6   Next: 37%
Magic:  6/23       EV: 15    Int: 37    God:    Sif Muna [***...]
Gold:   0          SH:  0    Dex: 14    Spells: 4 memorised, 5 levels left

rFire  . . .     SeeInvis +     G - +6 Majin-Bo {vamp, Archmagi MP+6 Int+6}
rCold  . . .     Clarity  .     a - +0 robe
rNeg   + . .     SustAb   .     (no shield)
rPois  .         Gourm    .     (no helmet)
rElec  .         Spirit   .     (no cloak)
rCorr  .         Warding  .     (no gloves)
rMut   .         NoTele   +     (no boots)
MR     .....                    (no amulet)
Stlth  ++........               z - +6 ring of intelligence
                                y - +6 ring of intelligence

@: not resistant to hostile enchantments, unstealthy
A: bottle blood, fangs 3, see invisible, unbreathing
a: Bat Form, Channel Energy, Forget Spell, Renounce Religion


You were in the Dungeon.
You worshipped Sif Muna.
Sif Muna was most pleased with you.
You were not thirsty.

You visited 1 branch

Inventory:

Hand weapons
 G - the +6 Majin-Bo (weapon) {vamp, Archmagi MP+6 Int+6}
   (You found it in the Dungeon)

   It inflicts no extra harm, but heals its wielder somewhat when it strikes a
   living foe.
   It affects your intelligence (+6).
   It affects your magic capacity (+6).
Armour
 a - a +0 robe (worn)
Jewellery
 w - a +6 ring of dexterity
 x - a +6 ring of dexterity
 y - a +6 ring of intelligence (left hand)
 z - a +6 ring of intelligence (right hand)
 A - a +6 ring of strength
 B - a +6 ring of strength
Magical devices
 C - a wand of disintegration (7)
 D - a wand of fire (5)
 E - a wand of cold (5)
 F - a wand of draining (5)
Scrolls
 i - 4 scrolls of blinking
 q - 4 scrolls of amnesia
 r - 3 scrolls of recharging
 s - 7 scrolls of fog
 t - 5 scrolls of identify
 u - 5 scrolls of remove curse
 v - 2 scrolls of fear
Potions
 d - 10 potions of curing
 e - 10 potions of heal wounds
 f - 6 potions of haste
 g - 7 potions of magic
 h - 3 potions of berserk rage
 j - 2 potions of brilliance
 k - 2 potions of invisibility
 l - 2 potions of restore abilities
 m - 4 potions of resistance
 o - 5 potions of agility
 p - 5 potions of might
Books
 b - a book of Callings

   Spells                             Type                      Level
   a - Summon Small Mammal            Summoning                    1
   b - Call Imp                       Summoning                    2
   c - Call Canine Familiar           Summoning                    3
   d - Summon Guardian Golem          Hexes/Summoning              4
   e - Summon Lightning Spire         Summoning/Air                4
   f - Summon Ice Beast               Ice/Summoning                4
Miscellaneous
 c - a legendary deck of wonders


   Skills:
 - Level 3.6 Fighting
 + Level 4.3 Staves
 + Level 6.3 Dodging
 - Level 3.0 Stealth
 + Level 5.3 Spellcasting
 * Level 10.5 Summonings


You had 5 spell levels left.
You knew the following spells:

 Your Spells              Type           Power        Failure   Level  Hunger
d - Call Canine Familiar  Summ           #######.     1%          3    None
i - Summon Ice Beast      Ice/Summ       ######..     4%          4    ##.....
s - Call Imp              Summ           #######.     1%          2    None
z - Summon Small Mammal   Summ           ####         1%          1    None


Dungeon Overview and Level Annotations

Branches:
Dungeon (1/1)

Altars:
Ashenzari
Cheibriados
Dithmenos
Elyvilon
Fedhas
Gozag
Kikubaaqudgha
Makhleb
Nemelex Xobeh
Okawaru
Qazlal
Ru
Sif Muna
Trog
Vehumet
Xom
Yredelemnul
Zin
The Shining One
Beogh
Jiyva
Lugonu


Innate Abilities, Weirdness & Mutations

You can bottle blood from corpses.
You have razor-sharp teeth.
You have supernaturally acute eyesight.
You can survive without breathing.


Message History

The draconian completely misses you.
Your warg barely misses the draconian.
You draw the draconian's blood!
You feel better.
You feel slightly less thirsty.
You hit the draconian but do no damage. The draconian misses you.
The draconian barely misses you.
The draconian hits your warg with a +1 hand axe of electrocution.
Your warg barely misses the draconian.
The draconian hits you with a mace.
* * * LOW HITPOINT WARNING * * *
Casting: Summon Ice Beast
Confirm with . or Enter, or press ? or * to list all spells.
You feel a surge of power! A chill wind blows around you.
* * * LOW HITPOINT WARNING * * *;
* * * LOW MAGIC WARNING * * *
The draconian misses you.
Your warg closely misses the draconian.
The draconian hits you with a +1 hand axe of electrocution.
* * * LOW HITPOINT WARNING * * *
You are electrocuted!
* * * LOW HITPOINT WARNING * * *
The draconian closely misses your warg.
The draconian hits your ice beast with a +1 hand axe of electrocution!
The draconian hits you with a mace!
You die...

▓▓▓▓▓▓▓▓▓▓▓▓▓▓▓▓▓▓▓
▓.8©8.▓.8©8.▓.8©8.▓
▓.::..▓.|)[.▓.....▓
▓.."..▓.....▓.|...▓
▓.....▓.....▓..†..▓
▓...Y.▓.....▓.....▓
▓..ddd▓.....▓.....▓
▓..h@.▓.....▓▓▓▓▓▓▓
▓▓▓▓▓▓▓▓▓▓▓▓▓


You could see 3 draconians, a friendly warg and a friendly ice beast.

Vanquished Creatures
  A phantom (D)
  2 scorpions (D)
  A bat zombie (D)
4 creatures vanquished.

Vanquished Creatures (collateral kills)
  A draconian (D)
  A giant gecko zombie (D)
2 creatures vanquished.

Vanquished Creatures (others)
  2 ice beasts (D)
2 creatures vanquished.

Grand Total: 8 creatures vanquished

Notes
Turn   | Place    | Note
--------------------------------------------------------------
     0 | D        | PolkaDot, the Vampire Summoner, began the quest for the Orb.
     0 | D        | Reached XP level 1. HP: 13/13 MP: 3/3
     0 | D        | Found a corrupted altar of Lugonu.
     0 | D        | Found a viscous altar of Jiyva.
     0 | D        | Found a white marble altar of Elyvilon.
     0 | D        | Found a burning altar of Makhleb.
     0 | D        | Found an iron altar of Okawaru.
     2 | D        | Found a sparkling altar of Nemelex Xobeh.
     2 | D        | Found a basalt altar of Yredelemnul.
     2 | D        | Found a deep blue altar of Sif Muna.
     2 | D        | Found a radiant altar of Vehumet.
     5 | D        | Found a bloodstained altar of Trog.
    20 | D        | Reached skill level 7 in Summonings
    20 | D        | Reached XP level 2. HP: 17/24 MP: 3/4
   112 | D        | Became a worshipper of Sif Muna the Loreminder
   116 | D        | Found a shimmering altar of Xom.
   118 | D        | Entered arena 1.
   118 | D        | Noticed a scorpion
   118 | D        | Noticed a scorpion
   122 | D        | Killed a scorpion
   122 | D        | Reached skill level 1 in Staves
   122 | D        | Reached skill level 8 in Summonings
   122 | D        | Reached XP level 3. HP: 29/29 MP: 6/6
   124 | D        | Killed a scorpion
   124 | D        | Acquired Sif Muna's first power
   124 | D        | Reached XP level 4. HP: 36/36 MP: 10/10
   139 | D        | Learned a level 3 spell: Call Canine Familiar
   144 | D        | Learned a level 4 spell: Summon Ice Beast
   147 | D        | Learned a level 2 spell: Call Imp
   147 | D        | Entered arena 2.
   147 | D        | Noticed a phantom
   169 | D        | Killed a phantom
   169 | D        | Reached skill level 9 in Summonings
   169 | D        | Reached XP level 5. HP: 15/41 MP: 13/13
   371 | D        | Entered arena 3.
   371 | D        | Noticed a draconian
   371 | D        | Noticed a draconian
   371 | D        | Noticed a draconian
   371 | D        | Noticed a draconian
   382 | D        | Killed a draconian
   382 | D        | Acquired Sif Muna's second power
   382 | D        | Reached skill level 5 in Spellcasting
   382 | D        | Reached skill level 10 in Summonings
   382 | D        | Reached XP level 6. HP: 30/47 MP: 9/17
   384 | D        | HP: 2/47 [draconian/+1 hand axe of electrocution (16)]
   384 | D        | Mangled by a draconian

Action                   |  1- 3 |  4- 6 || total
-------------------------+-------+-------++-------
Melee: Quarterstaff      |     5 |    24 ||    29
 Cast: Call Canine Famil |       |     2 ||     2
       Summon Ice Beast  |       |     3 ||     3
  Use: Potion            |     2 |       ||     2
